Map: Dasan Station LE

Players

Neeblet (Neeb) - Winner!

  • Race: Protoss Protoss
  • League: Master

Kelazhur

  • Race: Terran Terran
  • League: Master

Event: DreamHack ZOWIE Open Valencia 2016

VOD

Have the link to the VOD?

Description

Time

  • Played on: July 14, 2016, 2:32 p.m.
  • Length: 11:58

All games in this series

Show
View Real Time Build Order
Export as new Build Order

Neeblet Protoss - Winner!

Build Orders: 1 Gate Expand 

Get SALT Encoding   

  12  0:00  Probe (Chrono Boost)  
  13  0:11  Probe (Chrono Boost)  
  14  0:18  Pylon  
  14  0:21  Probe (Chrono Boost)  
  15  0:36  Probe (Chrono Boost), Gateway  
  16  0:46  Probe (Chrono Boost)  
  16  0:47  Assimilator  
  18  0:57  Probe (Chrono Boost)  
  18  1:08  Probe (Chrono Boost)  
  19  1:18  Nexus  
  19  1:21  Probe (Chrono Boost)  
  20  1:31  Cybernetics Core  
  20  1:34  Probe (Chrono Boost)  
  21  1:42  Assimilator  
  21  1:44  Probe (Chrono Boost)  
  22  1:51  Pylon  
  22  1:55  Probe (Chrono Boost)  
  23  2:06  Adept  
  23  2:07  Warp Gate  
  23  2:11  Probe (Chrono Boost)  
  27  2:23  Probe (Chrono Boost)  
  27  2:27  Robotics Facility  
  27  2:31  Probe (Chrono Boost)  
  27  2:35  Probe (Chrono Boost)  
  31  2:42  Probe (Chrono Boost)  
  32  2:47  Probe (Chrono Boost)  
  31  2:52  Probe (Chrono Boost)  
  31  2:57  Mothership Core (Chrono Boost)  
  34  2:58  Gateway  
  34  3:03  Probe (Chrono Boost), Gateway  
  35  3:13  Probe (Chrono Boost)  
  35  3:14  Observer  
  35  3:16  Probe (Chrono Boost)  
  38  3:23  Pylon  
  38  3:24  Probe (Chrono Boost)  
  38  3:26  Probe (Chrono Boost)  
  40  3:31  Warp Prism  
  40  3:33  Pylon  
  40  3:35  Probe (Chrono Boost)  
  40  3:38  Probe (Chrono Boost)  
  44  3:41  Pylon  
  44  3:47  Probe (Chrono Boost)  
  45  3:50  Probe (Chrono Boost)  
  45  3:54  Twilight Council  
  46  3:59  Probe (Chrono Boost)  
  48  4:02  Probe (Chrono Boost)  
  48  4:12  Probe (Chrono Boost)  
  48  4:14  Adept  
  48  4:15  Adept x2  
  48  4:16  Immortal  
  55  4:20  Probe (Chrono Boost)  
  55  4:23  Blink  
  60  4:30  Probe (Chrono Boost)  
  62  4:33  Probe (Chrono Boost)  
  62  4:40  Assimilator  
  62  4:41  Assimilator  
  62  4:42  Probe (Chrono Boost)  
  62  4:43  Forge  
  63  4:50  Adept x2  
  63  4:51  Adept  
  70  4:54  Probe (Chrono Boost)  
  70  4:57  Pylon x2  
  70  5:03  Probe (Chrono Boost)  
  70  5:08  Probe (Chrono Boost)  
  70  5:14  Immortal  
  70  5:16  Adept x3  
  70  5:19  Probe (Chrono Boost)  
  73  5:23  Protoss Ground Weapons Level 1  
  73  5:28  Probe (Chrono Boost)  
  70  5:39  Adept x3  
  74  5:46  Probe (Chrono Boost)  
  74  5:48  Immortal  
  79  5:58  Nexus, Probe x2 (Chrono Boost)  
  79  6:01  Pylon  
  79  6:03  Stalker, Sentry  
  79  6:04  Stalker  
  80  6:12  Probe (Chrono Boost)  
  77  6:18  Probe (Chrono Boost)  
  77  6:20  Gateway  
  77  6:24  Gateway  
  78  6:26  Probe (Chrono Boost), Gateway  
  78  6:30  Probe (Chrono Boost)  
  79  6:33  Sentry  
  79  6:34  Stalker, Sentry  
  79  6:38  Pylon  
  79  6:39  Probe (Chrono Boost)  
  86  6:45  Pylon  
  86  6:46  Observer  
  86  6:48  Resonating Glaives  
  86  6:52  Probe (Chrono Boost)  
  86  6:53  Pylon, Probe (Chrono Boost)  
  89  7:02  Stalker x3  
  89  7:08  Observer, Protoss Ground Armor Level 1, Probe x2 (Chrono Boost)  
  97  7:09  Pylon  
  98  7:19  Pylon  
  97  7:24  Pylon  
  97  7:31  Warp Prism  
  97  7:34  Gateway  
  97  7:35  Gateway  
  99  7:40  Pylon, Stalker  
  99  7:41  Stalker, Pylon  
  103  8:04  Adept x4  
  111  8:18  Nexus  
  111  8:20  Adept  
  111  8:21  Adept  
  108  8:38  Nexus  
  108  8:39  Stalker x4  
  108  8:40  Stalker x2  
  118  8:44  Adept  
  120  8:48  Adept  
  122  8:56  Protoss Ground Armor Level 2  
  122  9:08  Pylon  
  121  9:14  Stalker x3  
  127  9:28  Pylon x2  
  127  9:37  Pylon  
  127  9:38  Adept x3  
  129  9:39  Adept  
  135  9:48  Observer  
  131  10:06  Stalker x2  
  131  10:07  Stalker x5  
  131  10:12  Robotics Bay  
  137  10:15  Observer  
  138  10:32  Forge  
  138  10:34  Adept x4  
  146  10:44  Assimilator  
  146  10:45  Probe (Chrono Boost), Assimilator  
  143  10:54  Sentry  
  143  10:57  Stalker x3  
  143  10:58  Stalker x3  
  155  11:06  Sentry  
  155  11:21  Probe (Chrono Boost)  
  155  11:22  Probe x2 (Chrono Boost)  
  155  11:24  Adept x2  
  155  11:25  Adept x2, Assimilator  
  162  11:26  Assimilator  
  151  11:49  Stalker x2  
  151  11:50  Stalker x3  
Show
View Real Time Build Order
Export as new Build Order

Kelazhur Terran 

Build Orders: MMM Bio 

Get SALT Encoding   

  12  0:00  SCV  
  13  0:13  SCV  
  14  0:18  Supply Depot  
  14  0:25  SCV  
  15  0:39  SCV  
  15  0:41  Barracks  
  16  0:43  Refinery  
  16  0:51  SCV  
  17  1:03  SCV  
  18  1:15  SCV  
  19  1:29  Orbital Command, Barracks Reactor  
  19  1:40  Command Center  
  19  1:55  SCV  
  20  2:04  Supply Depot  
  20  2:06  Marine x2  
  20  2:07  SCV  
  23  2:14  Factory  
  23  2:25  Marine x2, SCV  
  26  2:35  Refinery  
  26  2:38  SCV  
  26  2:43  Marine x2  
  29  2:50  SCV  
  30  2:54  Orbital Command  
  30  3:01  Marine x2  
  32  3:06  SCV  
  33  3:19  Marine x2  
  35  3:22  SCV  
  35  3:23  SCV  
  37  3:27  Starport  
  37  3:33  Barracks  
  37  3:34  SCV, Barracks  
  37  3:38  Widow Mine  
  37  3:40  SCV  
  41  3:42  Marine x2  
  41  3:47  SCV  
  44  3:51  Supply Depot  
  44  3:53  SCV  
  45  4:03  Marine  
  45  4:05  Starport Reactor  
  46  4:13  Marine, SCV  
  46  4:16  SCV  
  49  4:23  Marine, Barracks Tech Lab x2  
  50  4:25  SCV  
  44  4:33  SCV  
  44  4:34  Marine  
  44  4:36  Liberator  
  44  4:37  SCV  
  44  4:41  Marine, Liberator  
  44  4:45  SCV  
  46  4:47  Combat Shields  
  46  4:48  Stimpack  
  46  4:49  Marauder x2  
  46  4:50  SCV  
  46  4:52  Marine  
  54  5:01  Marine  
  54  5:03  SCV x2  
  49  5:09  Marine  
  49  5:10  Marine x2  
  45  5:15  SCV  
  45  5:19  SCV, Marine  
  43  5:27  SCV, Marine  
  43  5:28  Marine x2  
  44  5:31  SCV  
  43  5:37  Marine  
  43  5:39  SCV  
  42  5:43  SCV  
  42  5:45  Marine  
  42  5:46  Marine x2  
  43  5:51  SCV  
  43  5:55  Marine, SCV  
  43  6:03  Marine x2, SCV  
  46  6:08  SCV, Marine  
  40  6:13  Marine  
  40  6:15  SCV, Medivac  
  41  6:20  SCV  
  41  6:25  Marine x3  
  42  6:27  SCV  
  42  6:30  Command Center  
  42  6:32  SCV  
  47  6:34  Marine  
  47  6:35  Concussive Shells  
  47  6:39  SCV  
  49  6:42  Supply Depot  
  49  6:44  SCV, Marauder x2  
  54  6:48  Supply Depot  
  54  6:52  Engineering Bay  
  54  7:01  Supply Depot  
  54  7:04  Marine x2, SCV x2  
  62  7:11  Marine  
  62  7:12  Marine, Medivac x2  
  64  7:16  SCV  
  64  7:17  SCV  
  64  7:20  Supply Depot  
  66  7:24  Supply Depot  
  66  7:25  Marine  
  66  7:26  Marine  
  66  7:28  SCV  
  66  7:29  SCV  
  70  7:32  Marauder  
  70  7:35  Marauder  
  74  7:40  Terran Infantry Weapons Level 1  
  74  7:43  SCV x2  
  76  7:47  Orbital Command  
  76  7:54  Marine  
  76  7:55  SCV, Marauder  
  76  7:56  Marine  
  81  7:59  SCV  
  81  8:05  Marauder  
  84  8:09  SCV  
  84  8:11  SCV  
  86  8:18  SCV  
  87  8:21  Marine x2  
  87  8:22  Marauder  
  87  8:25  SCV  
  90  8:32  SCV  
  83  8:35  SCV, Marauder  
  85  8:43  SCV  
  85  8:44  Medivac x2  
  85  8:45  Marine x2  
  85  8:46  Marauder  
  93  8:49  SCV  
  94  8:55  SCV  
  94  8:59  Refinery  
  94  9:00  Orbital Command  
  94  9:01  SCV, Marauder  
  95  9:08  SCV, Marine x2  
  95  9:09  Marauder  
  99  9:13  SCV  
  100  9:20  SCV  
  100  9:25  SCV  
  100  9:26  Barracks  
  100  9:27  Marine x2, Barracks  
  100  9:30  SCV  
  104  9:32  SCV  
  104  9:37  SCV  
  106  9:39  Refinery  
  106  9:40  Marauder  
  106  9:42  SCV  
  106  9:44  SCV, Marauder  
  112  9:46  Supply Depot  
  112  9:47  Liberator x2  
  112  9:50  SCV  
  111  9:54  SCV, Marine x2  
  111  9:56  SCV  
  108  10:02  SCV  
  108  10:04  Marauder  
  114  10:08  Orbital Command  
  114  10:17  Marine  
  114  10:18  Marauder  
  114  10:25  Marine  
  114  10:26  Marauder  
  117  10:32  SCV  
  118  10:40  Marine  
  118  10:41  SCV  
  121  10:43  Marine  
  115  10:51  Marauder  
  97  10:58  Marine  
  97  11:01  Marine  
  97  11:02  Marauder  
  97  11:08  Medivac x2  
  100  11:14  Marauder  
  100  11:16  SCV x3, Marine  
  104  11:19  Marine  
  104  11:23  Marauder  
  102  11:31  SCV  

Tags
 
Add a new tag
Caveats
  • Supply blocks, unpowered buildings, or Contaminate may cause inaccurate times.
  • Supply counts are checked every 10 seconds.